 Dungeon Crawl Stone Soup version 0.32-a0-699-g1ee5eff (webtiles) character file.

Game seed: 8133638417561940446

1444 Toastz the Reanimator (level 8, -1/68 HPs)
             Began as a Mountain Dwarf Necromancer on Mar 13, 2024.
             Slain by a kobold
             ... wielding a +0 whip
              (7 damage)
             ... on level 7 of the Dungeon.
             The game lasted 00:13:45 (6236 turns).

Toastz the Reanimator (Mountain Dwarf Necromancer)  Turns: 6236, Time: 00:13:46

Health: -1/68      AC:  7    Str: 11    XL:     8   Next: 46%
Magic:  9/14       EV:  2    Int: 18    God:
Gold:   244        SH:  0    Dex: 10    Spells: 2/15 levels left

rFire   + . .        a - +3 dagger (venom)
rCold   . . .        (no shield)
rNeg    . . .        u - +2 leather armour {rF+}
rPois   .            (no helmet)
rElec   .            o - +0 cloak
rCorr   .            (no gloves)
SInv    .            j - +0 pair of boots
Will    .....        (no amulet)
Stlth   +            (no ring)
HPRegen 0.31/turn    (no ring)
MPRegen 0.14/turn

%: no passive effects
@: sleeping, animating dead
A: runic magic, artefact enchanting
a: no special abilities


You were on level 7 of the Dungeon.
You visited 1 branch of the dungeon, and saw 7 of its levels.

You collected 244 gold pieces.

Inventory:

Hand Weapons
 a - a +3 dagger of venom (weapon)
Missiles
 d - a throwing net
 q - 15 poisoned darts
Armour
 j - a +0 pair of boots (worn)
 o - a +0 cloak (worn)
 u - a +2 leather armour of fire resistance (worn)
 v - a +3 ring mail of willpower
Magical Staves
 l - a staff of conjuration
Wands
 n - a wand of paralysis (9)
 p - a wand of flame (12)
 w - a wand of acid (2)
Scrolls
 e - 4 scrolls of poison {unknown}
 i - 4 scrolls of fog {unknown}
 k - 5 scrolls of identify {unknown}
 m - a scroll of enchant weapon {unknown}
 s - 2 scrolls of enchant armour {unknown}
 t - a scroll of summoning {unknown}
 y - a scroll of vulnerability {unknown}
 z - a scroll of brand weapon {unknown}
 A - a scroll of teleportation {unknown}
 B - a scroll of blinking {unknown}
 C - a scroll of noise {unknown}
 D - a scroll of amnesia {unknown}
Potions
 c - 3 potions of heal wounds {unknown}
 f - 2 potions of lignification {unknown}
 g - a potion of degeneration {unknown}
 h - a potion of haste {unknown}
 r - a potion of berserk rage {unknown}
 x - a potion of mutation {unknown}


   Skills:
 + Level 5.1 Fighting
 + Level 3.7 Armour
 - Level 1.9 Dodging
 - Level 1.4 Stealth
 + Level 4.3 Spellcasting
 * Level 8.7 Necromancy


You had 2 spell levels left.
You knew the following spells:

 Your Spells              Type           Power      Damage    Failure   Level
a - Necrotise             Necr           100%       1d9       1%          1
b - Vampiric Draining     Necr           35%        2d8       1%          3
c - Animate Dead          Necr           35%        N/A       4%          4
d - Curse of Agony        Necr           35%        N/A       11%         5

Your spell library contained the following spells:

 Spells                   Type           Power      Damage    Failure   Level
 Ensorcelled Hibernation  Hex/Ice        6%         N/A       22%         2
 Mercury Vapours          Alch/Air       6%         N/A       22%         2
 Mephitic Cloud           Conj/Alch/Air  3%         N/A       41%         3
 Passwall                 Erth           3%         N/A       41%         3
 Swiftness                Air            3%         N/A       41%         3
 Tukima's Dance           Hex            3%         N/A       41%         3
 Passage of Golubria      Tloc           3%         N/A       83%         4
 Freezing Cloud           Conj/Ice/Air   1%         6-21      99%         5
 Yara's Violent Unravell  Hex/Alch       1%         3d3       99%         5


Dungeon Overview and Level Annotations

Branches:
Dungeon (7/15)
 Temple: D:4-7

Altars:
Cheibriados
Dithmenos
Ru
Trog
Vehumet
Xom

Shops:
D:4 :


Innate Abilities, Weirdness & Mutations

Your spellcasting is much less encumbered by armour.
You can use scrolls of enchantment on lesser artefacts.


Message History

You hit the kobold brigand.
The kobold brigand looks as sick as possible!
The kobold brigand is severely wounded.
The kobold hits you but does no damage. The sleepcap barely misses you.
Your kobold zombie hits the sleepcap but does no damage.
The kobold brigand hits you with a +0 dagger.
* * * LOW HITPOINT WARNING * * *
You barely miss the kobold. The kobold hits you but does no damage.
The sleepcap barely misses you.
The kobold brigand hits you but does no damage.
Your kobold zombie hits the sleepcap but does no damage.
Okay, then.
Magic courses through your body. The kobold hits you but does no damage.
The sleepcap barely misses you.
The kobold brigand hits you but does no damage.
Casting: Vampiric Draining (safe; 1% risk of failure)
Confirm with . or Enter, or press ? or * to list all spells.
Aiming: Vampiric Draining (safe; 1% risk of failure)
Press: ? - help, Shift-Dir - straight line, f/p - kobold brigand
Aim: a kobold brigand, wielding a +0 dagger and quivering poisoned darts (almost dead, extremely poisoned)
You draw life force from the kobold brigand.
You feel life coursing into your body. The kobold closely misses you.
The sleepcap barely misses you.
Your kobold zombie completely misses the sleepcap.
The kobold brigand hits you with a +0 dagger.
* * * LOW HITPOINT WARNING * * *
Casting: Vampiric Draining (safe; 1% risk of failure)
Confirm with . or Enter, or press ? or * to list all spells.
Aiming: Vampiric Draining (safe; 1% risk of failure)
Press: ? - help, Shift-Dir - straight line, f/p - kobold brigand
Aim: a kobold brigand, wielding a +0 dagger and quivering poisoned darts (almost dead, extremely poisoned)
You draw life force from the kobold brigand!
You kill the kobold brigand!
You feel life coursing into your body.
The dead are walking!
The sleepcap releases spores at you.
* * * LOW HITPOINT WARNING * * *
You are engulfed in a cloud of soporific spores!
You fall asleep.
The kobold hits you with a +0 whip!
You die...

###.....#
#.......#
#........
#.......#
#....Z..#
#.......#
#.....Z)##
#......f@#
.......#K##
..........##
..####....<##
. #.......#
#.....#.##
#.....####.#
#...## ###
#...#


You could see a sleepcap (ally target), a kobold, a friendly kobold zombie and a
friendly kobold brigand zombie.

Vanquished Creatures
  Grinder (D:5)
  Sigmund (D:4)
  Eustachio (D:4)
  A steam dragon (D:6)
  A water moccasin (D:6)
  A kobold brigand (D:7)
  2 phantoms
  Blork the orc (D:4)
  2 howler monkeys
  2 jellies
  A hound (D:5)
  An orc priest (D:6)
  Ijyb (D:4)
  A sleepcap (D:5)
  An iguana (D:4)
  An orc wizard (D:6)
  10 adders
  A shadow imp (D:6)
  2 white imps
  4 dart slugs
  A ribbon worm (D:5)
  9 orcs
  4 ball pythons (D:2)
  5 bats
  10 endoplasms
  4 giant cockroaches
  6 hobgoblins
  4 jackals
  7 kobolds
  6 quokkas
  2 frilled lizards
  9 goblins
  2 rats
105 creatures vanquished.

Vanquished Creatures (collateral kills)
  An orc (D:6)
  A ball python (D:2)
2 creatures vanquished.

Vanquished Creatures (others)
  An adder zombie (D:6)
1 creature vanquished.

Grand Total: 108 creatures vanquished

Notes
Turn   | Place    | Note
-------+----------+-------------------------------------------
     0 | D:1      | Toastz the Mountain Dwarf Necromancer began the quest for
                  | the Orb.
     0 | D:1      | Reached XP level 1. HP: 14/14 MP: 3/3
   129 | D:1      | Reached XP level 2. HP: 12/22 MP: 0/4
   528 | D:1      | Reached skill level 1 in Fighting
   978 | D:2      | Reached XP level 3. HP: 28/28 MP: 3/6
  1078 | D:2      | Learned a level 3 spell: Vampiric Draining
  1281 | D:2      | Reached skill level 5 in Necromancy
  1670 | D:2      | Reached XP level 4. HP: 30/35 MP: 2/7
  2726 | D:3      | Found a faded altar of an unknown god.
  2904 | D:3      | Reached XP level 5. HP: 41/41 MP: 5/8
  3343 | D:4      | Noticed Eustachio
  3357 | D:4      | Killed Eustachio
  3358 | D:4      | Reached skill level 6 in Necromancy
  3358 | D:4      | Reached XP level 6. HP: 51/51 MP: 3/10
  3438 | D:4      | Learned a level 4 spell: Animate Dead
  3473 | D:4      | Noticed Sigmund
  3485 | D:4      | Killed Sigmund
  3486 | D:4      | Reached skill level 1 in Armour
  3570 | D:4      | Noticed Blork the orc
  3578 | D:4      | Killed Blork the orc
  3579 | D:4      | Reached skill level 7 in Necromancy
  3579 | D:4      | Reached XP level 7. HP: 37/57 MP: 3/11
  3881 | D:4      | Found Reozau Ypoba's Book Emporium.
  3882 | D:4      | Noticed Ijyb
  3885 | D:4      | Paralysed by Ijyb for 5 turns
  3895 | D:4      | Killed Ijyb
  3998 | D:5      | Entered Level 5 of the Dungeon
  4266 | D:5      | Noticed Grinder
  4281 | D:5      | Paralysed by Grinder for 4 turns
  4282 | D:5      | Killed Grinder
  5119 | D:6      | Noticed a steam dragon
  5146 | D:6      | Killed a steam dragon
  5147 | D:6      | Reached skill level 8 in Necromancy
  5147 | D:6      | Reached XP level 8. HP: 52/67 MP: 1/14
  5332 | D:6      | Found a shimmering altar of Xom.
  5459 | D:6      | Found a radiant altar of Vehumet.
  5462 | D:6      | Found a shadowy altar of Dithmenos.
  5462 | D:6      | Found a snail-covered altar of Cheibriados.
  5466 | D:6      | Found a bloodstained altar of Trog.
  5469 | D:6      | Found a sacrificial altar of Ru.
  5510 | D:6      | Reached skill level 5 in Fighting
  5718 | D:6      | Learned a level 5 spell: Curse of Agony
  6236 | D:7      | Slain by a kobold

Illustrated notes

Levels and vault maps discovered:
D:1:      ncdulo_smallfort, layout_loops_ring
D:2:      layout_basic
D:3:      layout_loops_ring, ebering_ecumenical_altar_sacrificial
D:4:      layout_rooms, serial_shops, nicolae_lakefront_shop, uniq_eustachio,
          uniq_blork_the_orc, uniq_ijyb, uniq_sigmund
D:5:      layout_gridville, uniq_grinder
D:6:      layout_rooms, grunt_temple_overflow_open, serial_co_window_serial,
          co_window_paths_a, co_window_paths_b, co_window_of_opportunity_a,
          co_window_paths_a, co_window_corner_a, co_window_of_opportunity_b,
          co_window_broadway_b, co_window_2corner, co_window_corner_b,
          co_window_cross_3, glass_columns_a
D:7:      lemuel_insect_pit, layout_cave_pods, minmay_temple_entry_water_ring,
          serial_column_ruins, column_ruins_courtyard_long, column_ruins_grid_3,
          column_ruins_open_medium, column_ruins_grid_1,
          column_ruins_open_large, column_ruins_grid_1, uniq_maggie,
          uniq_menkaure, uniq_jeremiah

Skill      XL: |  1  2  3  4  5  6  7  8 |
---------------+-------------------------+-----
Spellcasting   | 2 3 4 |  4.3
Fighting       | 1 2 3 4 5 |  5.1
Necromancy     | 5 6 7 8 |  8.7
Armour         | 1 3 |  3.7
Dodging        | |  1.9
Stealth        | |  1.4

Action                     |  1- 3 |  4- 6 |  7- 9 || total
---------------------------+-------+-------+-------++-------
  Melee: Unarmed           |    27 |       |       ||    27
         Dagger            |    19 |    47 |   139 ||   205
         Short sword       |     3 |       |       ||     3
  Throw: Dart              |       |     3 |       ||     3
   Cast: Necrotise         |    58 |    43 |     6 ||   107
         Vampiric Draining |     2 |     9 |    18 ||    29
         Animate Dead      |       |       |     7 ||     7
         Curse of Agony    |       |       |     2 ||     2
  Evoke: Wand              |       |     8 |     2 ||    10
    Use: Potion            |       |       |     1 ||     1
   Stab: Distracted        |     1 |       |     1 ||     2
         Sleeping          |       |     2 |       ||     2
 Armour: Robe              |    33 |    18 |       ||    51
         Leather armour    |       |     6 |   120 ||   126
  Dodge: Dodged            |    45 |    47 |    70 ||   162

Table legend: (Time is in decaauts)
 A = Elapsed time spent in this place.
 B = Non-inter-level travel time spent in this place.
 C = Inter-level travel time spent in this place.
 D = Time resting spent in this place.
 E = Time spent auto-exploring this place.
 F = Levels seen in this place.
 G = Mean time per level.
                   A        B        C        D        E       F      G
               +--------+--------+--------+--------+--------+-----+--------+
         Total |   6233 |   6091 |    142 |   1205 |   3929 |   7 |  890.4 |
       Dungeon |   6233 |   6091 |    142 |   1205 |   3929 |   7 |  890.4 |
               +--------+--------+--------+--------+--------+-----+--------+

Top non-repeatable levels by time:
     D:2: 1204 daAuts
     D:6: 1153 daAuts
     D:5: 1058 daAuts
     D:1: 974 daAuts
     D:4: 970 daAuts
     D:3: 846 daAuts
     D:7: 24 daAuts
